 Dungeon Crawl Stone Soup version 0.31-a0-1009-g454b1f1e0a (webtiles) character file.

Game seed: 9612650731186001962

(classic levelgen) 48569 Amnesiac the Eclecticist (level 14, -20/80 HPs)
             Began as a Djinni Conjurer on Nov 13, 2023.
             Was a Priest of Ashenzari.
             Shot with a bolt by a yaktaur (28 damage)
             ... on level 14 of the Dungeon.
             The game lasted 00:36:01 (14430 turns).

Amnesiac the Eclecticist (Djinni Conjurer)         Turns: 14430, Time: 00:36:01

Health: -20/80     AC: 12    Str:  8    XL:     14   Next: 87%
Gold:   1984       EV: 12    Int: 38    God:    Ashenzari [***...] SH:  0 Dex: 12

rFire   + + +        O - +10 scimitar of Mamise {elec, rF+ Str+2 Int+4 Stlth-}
rCold   x . .        (no shield)
rNeg    . . .        N - +0 troll leather armour
rPois   ∞            h - +2 helmet "Seeker of Ashenzari" {Int+3, Cun, Elem} (curse)
rElec   .            (no cloak)
rCorr   .            x - +1 pair of gloves of Ashenzari's Seeker {Fort, Elem} (curse)
SInv    +            (boots unavailable)
Will    +....        (no amulet)
Stlth   +            j - ring "Share My Dogma" {Int+6, Bglg, Self} (curse)
HPRegen 1.13/turn    G - ring "Circumscribed Mistrust" {AC+4, Elem, Self} (curse)
MPRegen 0.00/turn

%: clarity, infuse magic (-21 HP)
@: flying, studying Shields
A: sickness immunity, fire resistance 2, cold vulnerability 1, float, innate
caster, HP casting, extra vitality 1
a: Renounce Religion, Curse Item, Shatter the Chains


You were on level 14 of the Dungeon.
You worshipped Ashenzari.
Ashenzari was most pleased with you.
You visited 3 branches of the dungeon, and saw 18 of its levels.
You also visited: Sewer, Gauntlet and Volcano.

You collected 1984 gold pieces.

Inventory:

Hand Weapons
 M - the +1 spear of the Amorous God {flame, rC+ Will+ Str-2 Dex+4}
   (You found it on level 10 of the Dungeon)

   Str-2:     It affects your strength (-2).
   Dex+4:     It affects your dexterity (+4).
   rC+:       It protects you from cold.
   Will+:     It increases your willpower.
 O - the +10 scimitar of Mamise (weapon) {elec, rF+ Str+2 Int+4 Stlth-}
   (You found it on level 11 of the Dungeon)

   Str+2:     It affects your strength (+2).
   Int+4:     It affects your intelligence (+4).
   rF+:       It protects you from fire.
   Stlth-:    It makes you less stealthy.
Missiles
 I - a curare-tipped dart
Armour
 g - a +2 robe
 h - the cursed +2 helmet "Seeker of Ashenzari" (worn) {Int+3, Cun, Elem}
   (You found it on level 4 of the Dungeon)

   It has a curse which improves the following skills: Cunning: Dodging and
   Stealth.
   Elements:  Fire Magic, Ice Magic, Air Magic and Earth Magic.
 x - the cursed +1 pair of gloves of Ashenzari's Seeker (worn) {Fort, Elem}
   (You found it on level 2 of the Dungeon)

   It has a curse which improves the following skills: Fortitude: Armour and
   Shields.
   Elements:  Fire Magic, Ice Magic, Air Magic and Earth Magic.
 E - the +5 scale mail of Fun and Games {Harm rN+ Int+2}
   (You took it off an orc on level 9 of the Dungeon)

   Int+2:     It affects your intelligence (+2).
   rN+:       It protects you from negative energy.
   Harm:      It increases damage dealt and taken.
 N - a +0 troll leather armour (worn)
Magical Staves
 u - a staff of death
Jewellery
 j - the cursed ring "Share My Dogma" (left hand) {Int+6, Bglg, Self}
   (You found it on level 5 of the Dungeon)

   [ring of intelligence]

   Int+6:     It affects your intelligence (+6).
   It has a curse which improves the following skills: Beguiling: Conjurations,
   Hexes and Translocations.
   Introspection: Fighting and Spellcasting.
 s - a +6 ring of strength
 y - a ring of ice
 C - a ring of resist corrosion
 G - the cursed ring "Circumscribed Mistrust" (right hand) {AC+4, Elem, Self}
   (You took it off an orc on level 9 of the Dungeon)

   [ring of protection]

   AC+4:      It affects your AC (+4).
   It has a curse which improves the following skills: Elements: Fire Magic, Ice
   Magic, Air Magic and Earth Magic.
   Introspection: Fighting and Spellcasting.
 H - a ring of ice
 L - a +6 ring of dexterity
 P - a ring of positive energy
Wands
 r - a wand of charming (24)
 A - a wand of flame (30)
 B - a wand of iceblast (8)
 K - a wand of acid (4)
Scrolls
 a - 8 scrolls of identify {!r}
 d - 4 scrolls of vulnerability {!r}
 f - 5 scrolls of teleportation {!r}
 l - 2 scrolls of enchant weapon {!r}
 o - 5 scrolls of immolation {!r}
 p - 5 scrolls of amnesia {!r}
 q - a scroll of revelation {!r}
 v - 2 scrolls of fear {!r}
 D - a scroll of fog {!r}
 Q - a scroll of brand weapon {!r}
Potions
 b - a potion of might {!q}
 c - 7 potions of curing {!q}
 e - 2 potions of haste {!q}
 i - 7 potions of enlightenment {!q}
 k - 2 potions of resistance {!q}
 m - 3 potions of heal wounds {!q}
 n - 6 potions of cancellation {!q}
 t - 3 potions of attraction {!q}
 w - 2 potions of invisibility {!q}
 z - 5 potions of mutation {!q}
 F - 3 potions of brilliance {!q}
 J - 8 potions of ambrosia {!q}
Miscellaneous
 R - a lightning rod (4/4)


   Skills:
 - Level 2.1(3.3) Dodging
 - Level 1.5(2.6) Stealth
 + Level 18.6(20.6) Spellcasting
 + Level 18.6(19.9) Conjurations
 + Level 18.6(19.9) Hexes
   Level 0.0 Charms
 + Level 18.6 Summonings
 + Level 18.6 Necromancy
 + Level 18.6(19.9) Translocations
 + Level 18.6 Transmutations
 + Level 18.6(21.3) Fire Magic
 + Level 18.6(21.3) Ice Magic
 + Level 18.6(21.3) Air Magic
 + Level 18.6(21.3) Earth Magic
 + Level 18.6 Poison Magic


You knew the following spells:

 Your Spells              Type           Power      Damage    Failure   Level
a - Searing Ray           Conj           100%       2d8       0%          2
b - Iskenderun's Mystic   Conj/Tloc      100%       2d19      0%          4
c - Fulminant Prism       Conj/Hex       56%        3d25      0%          4
d - Dazzling Flash        Conj/Hex       100%       N/A       0%          3
e - Fireball              Conj/Fire      57%        3d22      0%          5
f - Slow                  Hex            100%       N/A       0%          1
g - Jinxbite              Hex            100%       N/A       0%          2
h - Vampiric Draining     Necr           100%       2d13      0%          3
i - Magic Dart            Conj           100%       1d8       0%          1
w - Borgnjor's Vile Clut  Necr/Erth      56%        N/A       0%          5
z - Swiftness             Air            100%       N/A       0%          3
Your spell library was empty.

Dungeon Overview and Level Annotations

Branches:
Dungeon (15/15)            Temple (1/1) D:7            Lair (0/5) D:8
    Orc (2/2) D:11            Elf (0/3) Orc:2         Sewer (visited)
Volcano (visited)         Gauntlet (visited)
 Vaults: D:13-14     Depths: D:15

Altars:
Ashenzari
Cheibriados
Dithmenos
Elyvilon
Fedhas
Gozag
Hepliaklqana
Makhleb
Nemelex Xobeh
Okawaru
Qazlal
Ru
Trog
Uskayaw
Wu Jian
Xom
Yredelemnul
Zin
The Shining One
Lugonu

Shops:
D:5 *   Orc:2 (**


Innate Abilities, Weirdness & Mutations

You are immune to sickness and miasma.
You are immune to poison.
Your flesh is very heat resistant. (rF++)
You are vulnerable to cold. (rC-)
You float through the air rather than walking.
You learn spells naturally, not from books.
Your magical power is your life essence.
You have superior vitality. (+4 MHP)


Message History

Aim: a kobold, wielding a +0 short sword The fireball explodes!
The fireball engulfs the kobold!!
You kill the kobold!
The fireball engulfs the kobold brigand!
The kobold brigand is heavily wounded.
A deep elf pyromancer comes into view. It is wielding a +0 long sword.
An ogre mage comes into view. It is wielding a +0 halberd.
Casting: Fireball (safe; 0% risk of failure)
Confirm with . or Enter, or press ? or * to list all spells.
Aiming: Fireball (safe; 0% risk of failure)
Press: ? - help, Shift-Dir - straight line The fireball explodes!
The fireball engulfs the deep elf zephyrmancer!!
You kill the deep elf zephyrmancer!
The fireball engulfs the deep elf pyromancer!!!
You kill the deep elf pyromancer!
A kobold brigand comes into view.
It is wielding a +0 short sword and quivering poisoned darts.
A yaktaur comes into view.
The kobold brigand throws a poisoned dart.
The poisoned dart closely misses you.
A deep elf zephyrmancer comes into view.
It is wielding a +0 short sword.
Casting: Fireball (safe; 0% risk of failure)
Confirm with . or Enter, or press ? or * to list all spells.
You erupt in a blast of force!
The mystic blast hits the two-headed ogre!!
The two-headed ogre is severely wounded.
The two-headed ogre is knocked back by the mystic blast.
The kobold brigand throws a poisoned dart.
The poisoned dart hits you!
Casting: Iskenderun's Mystic Blast (safe; 0% risk of failure)
Confirm with . or Enter, or press ? or * to list all spells.
Aiming: Fireball (safe; 0% risk of failure)
Press: ? - help, Shift-Dir - straight line The fireball explodes!
The fireball engulfs the kobold brigand!
You kill the kobold brigand!
The fireball engulfs the two-headed ogre!!
You kill the two-headed ogre!
The fireball engulfs the kobold brigand!!
You kill the kobold brigand!
A yaktaur comes into view.
A yaktaur comes into view. It is wielding a +0 club.
Casting: Fireball (safe; 0% risk of failure)
Confirm with . or Enter, or press ? or * to list all spells.
Aiming: Fireball (safe; 0% risk of failure)
Press: ? - help, Shift-Dir - straight line The fireball explodes!
The fireball engulfs the yaktaur!!
The yaktaur is heavily wounded.
The fireball engulfs the yaktaur!!
The yaktaur is severely wounded.
The yaktaur wields a +0 arbalest.
The yaktaur shoots a bolt.
The bolt hits you!
* * * LOW HITPOINT WARNING * * *
The deep elf zephyrmancer gestures at you while chanting.
The bolt of lightning hits you!!
* * * LOW HITPOINT WARNING * * *
The yaktaur unwields a +0 club.
The yaktaur wields a +0 arbalest.
The yaktaur shoots a bolt.
The bolt hits you.
* * * LOW HITPOINT WARNING * * *
You hear a shout! x2
You feel much better.
The yaktaur shoots a bolt.
The bolt hits you!!
* * * LOW HITPOINT WARNING * * *
The ogre mage misses you.
The yaktaur wields a +0 arbalest.
The yaktaur shoots a bolt.
The bolt hits you!!
You die...

.[..##.......# #######
#.....##.#..## #.....#
#....##<###.####.....#
#...^).## ##.........#
....###.###.####.....#
#.#..###(#### #..####
..#.## #.# { #..#
..... #.# #..# ...##
#.# #,#@.#, ....
#.#.)##)#..#.##.. ##.#
#.# #e..e..O).O# ....
#.# ###.#..#)### ...
#.. ...cc..... ...
........)).... ..#
#####.#..#)#### #.#
..c..... ## ##.#..#.##


You could see an ogre mage, 3 yaktaurs and a deep elf zephyrmancer.

Vanquished Creatures
  An orc warlord (Orc:2)
  Nessos (Orc:2)
  Snorg (Orc:1)
  Erolcha (Orc:1)
  A hydra (D:13)
  3 centaur warriors
  A boulder beetle (D:14)
  Erica (D:8)
  A dancing weapon (Volcano)
  5 two-headed ogres
  2 death knights
  3 tengu warriors (D:14)
  2 occultists (Volcano)
  A skeletal warrior (D:15)
  A deep elf archer (D:14)
  Pikel (D:9)
  2 orc knights (Orc:2)
  A deep elf zephyrmancer (D:14)
  2 deep elf pyromancers (D:14)
  4 orc sorcerers
  An ugly thing (D:13)
  6 cyclopes
  4 manticores
  4 toenail golems (Volcano)
  2 gargoyles (D:12)
  Psyche (D:9)
  2 efreet
  3 unseen horrors
  3 kobold demonologists
  A tengu conjurer (D:14)
  A queen bee (D:11)
  5 trolls
  A hornet (shapeshifter) (D:13)
  Grinder (D:3)
  A wind drake (shapeshifter) (D:13)
  5 slime creatures (D:14)
  A centaur simulacrum (D:15)
  A spriggan (shapeshifter) (D:15)
  Sigmund (D:3)
  9 yaks (D:10)
  A vampire (D:13)
  A basilisk (D:15)
  Grum (D:9)
  6 wraiths
  3 wyverns
  4 humans (Volcano)
  7 vampire mosquitoes
  4 wargs
  2 ice beasts (D:7)
  A meliai simulacrum (D:15)
  A black bear (D:5)
  29 orc warriors
  2 sky beasts (D:7)
  7 ogres
  5 wolves
  10 centaurs
  4 lemures (D:9)
  2 phantoms
  17 kobold brigands
  A gnoll sergeant (D:8)
  A scorpion (D:6)
  6 bullfrogs
  22 wights
  A hornet simulacrum (D:15)
  34 killer bees
  6 howler monkeys
  19 orc priests
  2 gnoll boudas (D:5)
  2 hounds
  A jelly (D:6)
  2 sleepcaps
  4 iguanas
  25 orc wizards
  A boggart simulacrum (D:15)
  13 gnolls
  4 river rats (Sewer)
  14 adders
  2 shadow imps (D:9)
  3 white imps
  6 worms
  101 orcs
  14 ball pythons
  12 bats
  13 endoplasms
  6 giant cockroaches
  14 goblins
  7 hobgoblins
  2 jackals (Sewer)
  50 kobolds
  3 quokkas
  4 frilled lizards
  10 kobold skeletons (D:9)
  8 kobold zombies (D:9)
  6 rats
614 creatures vanquished.

Vanquished Creatures (collateral kills)
  An orc high priest (Orc:2)
  An orc knight (Orc:2)
  An orc priest (Orc:2)
  An orc wizard (Orc:2)
  3 orcs (Orc:2)
7 creatures vanquished.

Vanquished Creatures (others)
  12 fulminant prisms
12 creatures vanquished.

Grand Total: 633 creatures vanquished

Notes
Turn   | Place    | Note
-------+----------+-------------------------------------------
     0 | D:1      | Amnesiac the Djinni Conjurer began the quest for the Orb.
     0 | D:1      | Amnesiac set off with the following spells memorised: Magic
                  | Dart, Searing Ray, Dazzling Flash, Fulminant Prism,
                  | Iskenderun's Mystic Blast.
     0 | D:1      | Reached XP level 1. HP: 15/15 MP: 0/0
   180 | D:2      | Reached XP level 2. HP: 11/21 MP: 0/0
   283 | D:2      | Reached XP level 3. HP: 23/25 MP: 0/0
   283 | D:2      | Learned a level 1 spell: Slow
   501 | D:3      | Noticed Grinder
   515 | D:3      | Killed Grinder
   516 | D:3      | Reached skill level 5 in Spellcasting
   516 | D:3      | Reached skill level 5 in Conjurations
   516 | D:3      | Reached skill level 5 in Hexes
   516 | D:3      | Reached skill level 5 in Summonings
   516 | D:3      | Reached skill level 5 in Necromancy
   516 | D:3      | Reached skill level 5 in Translocations
   516 | D:3      | Reached skill level 5 in Transmutations
   516 | D:3      | Reached skill level 5 in Fire Magic
   516 | D:3      | Reached skill level 5 in Ice Magic
   516 | D:3      | Reached skill level 5 in Air Magic
   516 | D:3      | Reached skill level 5 in Earth Magic
   516 | D:3      | Reached skill level 5 in Poison Magic
   516 | D:3      | Reached XP level 4. HP: 18/31 MP: 0/0
   516 | D:3      | Reached XP level 5. HP: 21/35 MP: 0/0
   516 | D:3      | Learned a level 2 spell: Jinxbite
   516 | D:3      | Reached XP level 6. HP: 24/40 MP: 0/0
   602 | D:3      | Noticed Sigmund
   608 | D:3      | Killed Sigmund
   609 | D:3      | Reached XP level 7. HP: 32/45 MP: 0/0
   609 | D:3      | Learned a level 3 spell: Vampiric Draining
   720 | D:5      | Identified a manual of Shields
   720 | D:5      | Entered Level 5 of the Dungeon
   932 | D:5      | Found a glowing drain.
   969 | Sewer    | Entered a sewer
  1154 | Sewer    | Reached XP level 8. HP: 28/50 MP: 0/0
  1422 | D:5      | Found Exois's Gadget Gallery.
  2583 | D:6      | Reached XP level 9. HP: 43/55 MP: 0/0
  2583 | D:6      | Learned a level 3 spell: Swiftness
  2646 | D:6      | Found a glowing silver altar of Zin.
  3204 | D:7      | Found a staircase to the Ecumenical Temple.
  3210 | Temple   | Entered the Ecumenical Temple
  3219 | Temple   | Became a worshipper of Ashenzari the Shackled
  5055 | D:3      | Found a faded altar of an unknown god.
  5059 | D:3      | You are sucked into a shaft and drop 1 floor!
  5185 | D:7      | Reached skill level 10 in Spellcasting
  5185 | D:7      | Reached skill level 10 in Conjurations
  5185 | D:7      | Reached skill level 10 in Hexes
  5185 | D:7      | Reached skill level 10 in Summonings
  5185 | D:7      | Reached skill level 10 in Necromancy
  5185 | D:7      | Reached skill level 10 in Translocations
  5185 | D:7      | Reached skill level 10 in Transmutations
  5185 | D:7      | Reached skill level 10 in Fire Magic
  5185 | D:7      | Reached skill level 10 in Ice Magic
  5185 | D:7      | Reached skill level 10 in Air Magic
  5185 | D:7      | Reached skill level 10 in Earth Magic
  5185 | D:7      | Reached skill level 10 in Poison Magic
  5223 | D:7      | Reached * piety under Ashenzari
  5664 | D:8      | Reached XP level 10. HP: 52/60 MP: 0/0
  5881 | D:8      | Found a staircase to the Lair.
  6323 | D:8      | Noticed Erica
  6338 | D:8      | Killed Erica
  6555 | D:9      | Noticed a two-headed ogre
  6563 | D:9      | Killed a two-headed ogre
  6591 | D:9      | Noticed a cyclops
  6603 | D:9      | Killed a cyclops
  6767 | D:9      | Reached XP level 11. HP: 57/65 MP: 0/0
  6767 | D:9      | Learned a level 5 spell: Fireball
  6767 | D:9      | Identified the +5 scale mail of Fun and Games {Harm rN+
                  | Int+2}
  6796 | D:9      | Noticed Psyche
  6803 | D:9      | Killed Psyche
  7376 | D:9      | Noticed Pikel
  7379 | D:9      | Killed Pikel
  7720 | D:9      | Noticed Grum
  7921 | D:9      | Killed Grum
  8500 | D:10     | Entered Level 10 of the Dungeon
  8780 | D:10     | Noticed a two-headed ogre
  8782 | D:10     | Killed a two-headed ogre
  8925 | D:10     | Identified the +1 spear of the Amorous God {flame, rC+
                  | Will+ Str-2 Dex+4}
  9005 | D:10     | Reached XP level 12. HP: 34/70 MP: 0/0
  9652 | D:11     | Noticed a two-headed ogre
  9664 | D:11     | Killed a two-headed ogre
  9926 | D:11     | Found a staircase to the Orcish Mines.
 10097 | D:11     | Identified the +10 scimitar of Mamise {elec, rF+ Str+2
                  | Int+4 Stlth-}
 10296 | D:11     | Noticed a two-headed ogre
 10298 | D:11     | Killed a two-headed ogre
 10299 | D:11     | Reached skill level 15 in Spellcasting
 10299 | D:11     | Reached skill level 15 in Conjurations
 10299 | D:11     | Reached skill level 15 in Hexes
 10299 | D:11     | Reached skill level 15 in Summonings
 10299 | D:11     | Reached skill level 15 in Necromancy
 10299 | D:11     | Reached skill level 15 in Translocations
 10299 | D:11     | Reached skill level 15 in Transmutations
 10299 | D:11     | Reached skill level 15 in Fire Magic
 10299 | D:11     | Reached skill level 15 in Ice Magic
 10299 | D:11     | Reached skill level 15 in Air Magic
 10299 | D:11     | Reached skill level 15 in Earth Magic
 10299 | D:11     | Reached skill level 15 in Poison Magic
 10360 | D:11     | Found a corrupted altar of Lugonu.
 10429 | Orc:1    | Entered Level 1 of the Orcish Mines
 10429 | Orc:1    | Noticed Snorg
 10438 | Orc:1    | Killed Snorg
 10440 | Orc:1    | Noticed Erolcha
 10446 | Orc:1    | Killed Erolcha
 10704 | Orc:1    | Reached XP level 13. HP: 47/75 MP: 0/0
 10704 | Orc:1    | Learned a level 5 spell: Borgnjor's Vile Clutch
 10734 | Orc:1    | Found a dark tunnel.
 10746 | Orc:1    | You are sucked into a shaft and drop 1 floor!
 10746 | Orc:2    | Entered Level 2 of the Orcish Mines
 10781 | Orc:2    | Found a gate leading to a gauntlet.
 10796 | Gauntlet | Entered a Gauntlet
 10796 | Gauntlet | Found a transporter.
 10796 | Gauntlet | Found a transporter.
 10799 | Gauntlet | Found a transporter.
 10802 | Gauntlet | Found a transporter.
 10803 | Gauntlet | Found a transporter.
 10817 | Gauntlet | Found a transporter.
 10819 | Gauntlet | Found a transporter.
 10863 | Orc:2    | Reached ** piety under Ashenzari
 10933 | Orc:2    | Found a staircase to the Elven Halls.
 10981 | Volcano  | Entered a volcano
 11598 | Orc:2    | Noticed an orc warlord
 11605 | Orc:2    | Killed an orc warlord
 11781 | Orc:2    | Noticed Nessos
 11839 | Orc:2    | Killed Nessos
 12060 | Orc:2    | Found Riyx's Assorted Antiques.
 12254 | Orc:2    | Found Seosuy's Antique Armour Shop.
 12258 | Orc:2    | Found Jaecyosae's Antique Weapon Boutique.
 12362 | Orc:2    | Found Pebbied's General Store.
 12533 | Orc:1    | Reached *** piety under Ashenzari
 13218 | D:12     | Reached XP level 14. HP: 72/80 MP: 0/0
 13574 | D:13     | Found a hide-covered altar of Uskayaw.
 13856 | D:13     | You are sucked into a shaft and drop 2 floors!
 13856 | D:15     | Entered Level 15 of the Dungeon
 13991 | D:15     | Found a glowing golden altar of the Shining One.
 13991 | D:15     | Found a white marble altar of Elyvilon.
 13992 | D:15     | Found a glowing silver altar of Zin.
 14430 | D:14     | Shot with a bolt by a yaktaur

Illustrated notes

Levels and vault maps discovered:
D:1:      nagdon_arrival_double_spiral, layout_loops_ring
D:2:      layout_loops_ring
D:3:      layout_loops_cross, hellmonk_ecumenical_altar_leap_of_faith,
          uniq_sigmund, uniq_grinder
D:4:      layout_rooms
D:5:      minmay_evil_eye, layout_basic, cheibrodos_sewer_entry_drain,
          nicolae_shop_gadgets
D:6:      layout_cave_pods, mainiacjoe_overflow_paths
D:7:      layout_rooms, minmay_temple_entry_waves,
          chequers_serial_rivers_large_a
D:8:      layout_basic, lair_entry_dummy, uniq_erica
D:9:      wander_kiku_kobolds, layout_basic, uniq_psyche, uniq_grum, uniq_pikel
D:10:     layout_loops_ring
D:11:     layout_roguey [special_room_bee], erik_orc_4, marbit_kobold_abyssish
D:12:     layout_loops_corners, small_statue_alley_a
D:13:     layout_roguey, eat_drink_and_be_merry_uskayaw
D:14:     nicolae_cairo_tiling_large_dashed, layout_loops_cross,
          hangedman_vaults_entry_quadrant_bands, minmay_between, uniq_roxanne
D:15:     grunt_enter_depths_giant_problem, layout_long_grid,
          good_gods_mini_temple, serial_ice, serial_ice_m, serial_ice_l,
          serial_ice_o, serial_ice_a, serial_ice_n, serial_ice_d, serial_ice_g
Temple:   grunt_wide_crystal_templ
Orc:1:    layout_diamond_mine, nicolae_volcano_entry_two_sided, uniq_erolcha,
          uniq_snorg
Orc:2:    grunt_orc_community_town_hall, layout_diamond_mine,
          grunt_orc_community_big_house_2, grunt_orc_community_big_house_2,
          grunt_orc_community_house_3, grunt_orc_community_house_1,
          grunt_orc_community_house_1, grunt_orc_community_house_3,
          grunt_orc_community_house_3, gauntlet_entry_generic, uniq_nessos

Skill      XL: |  1  2  3  4  5  6  7  8  9 10 11 12 13 14 |
---------------+-------------------------------------------+-----
Spellcasting   | 5 6 7 8 10 12 14 15 17 18 | 18.6
Conjurations   | 5 6 7 8 10 12 14 15 17 18 | 18.6
Hexes          | 5 6 7 8 10 12 14 15 17 18 | 18.6
Summonings     | 5 6 7 8 10 12 14 15 17 18 | 18.6
Necromancy     | 5 6 7 8 10 12 14 15 17 18 | 18.6
Translocations | 5 6 7 8 10 12 14 15 17 18 | 18.6
Transmutations | 5 6 7 8 10 12 14 15 17 18 | 18.6
Fire Magic     | 5 6 7 8 10 12 14 15 17 18 | 18.6
Ice Magic      | 5 6 7 8 10 12 14 15 17 18 | 18.6
Air Magic      | 5 6 7 8 10 12 14 15 17 18 | 18.6
Earth Magic    | 5 6 7 8 10 12 14 15 17 18 | 18.6
Poison Magic   | 5 6 7 8 10 12 14 15 17 18 | 18.6
Dodging        | |  2.1
Stealth        | |  1.5

Action                     |  1- 3 |  4- 6 |  7- 9 | 10-12 | 13-15 || total
---------------------------+-------+-------+-------+-------+-------++-------
  Melee: Scimitar          |       |       |       |     2 |     1 ||     3
   Cast: Magic Dart        |    30 |     3 |   162 |    21 |       ||   216
         Searing Ray       |     5 |     2 |    39 |    24 |     6 ||    76
         Iskenderun's Myst |       |       |    36 |    57 |    48 ||   141
         Fulminant Prism   |       |       |       |     9 |     3 ||    12
         Fireball          |       |       |       |   123 |   146 ||   269
         Swiftness         |       |       |       |       |     1 ||     1
 Invoke: Curse Item        |       |       |     2 |       |     2 ||     4
  Evoke: Wand              |       |       |       |       |     1 ||     1
    Use: Scroll            |       |       |     6 |       |     1 ||     7
         Potion            |       |       |       |     2 |     1 ||     3
 Armour: Robe              |     7 |     1 |    29 |    31 |       ||    68
         Troll leather arm |       |       |       |     8 |    51 ||    59
  Dodge: Dodged            |     8 |       |    38 |    37 |    23 ||   106

Table legend: (Time is in decaauts)
 A = Elapsed time spent in this place.
 B = Non-inter-level travel time spent in this place.
 C = Inter-level travel time spent in this place.
 D = Time resting spent in this place.
 E = Time spent auto-exploring this place.
 F = Levels seen in this place.
 G = Mean time per level.
                   A        B        C        D        E       F      G
               +--------+--------+--------+--------+--------+-----+--------+
         Total |  14431 |  13709 |    722 |   2425 |   8680 |  21 |  687.2 |
       Dungeon |  12015 |  11444 |    571 |   2267 |   7436 |  15 |  801.0 |
        Temple |     18 |      9 |      9 |      0 |      0 |   1 |   18.0 |
  Orcish Mines |   1548 |   1406 |    142 |    158 |    732 |   2 |  774.0 |
         Sewer |    437 |    437 |      0 |      0 |    281 |   1 |  437.0 |
       Volcano |    353 |    353 |      0 |      0 |    231 |   1 |  353.0 |
      Gauntlet |     58 |     58 |      0 |      0 |      0 |   1 |   58.0 |
               +--------+--------+--------+--------+--------+-----+--------+

Top non-repeatable levels by time:
     D:9: 1944 daAuts
    D:11: 1202 daAuts
   Orc:2: 1106 daAuts
     D:6: 990 daAuts
    D:10: 943 daAuts
     D:8: 897 daAuts
    D:12: 894 daAuts
     D:2: 802 daAuts
     D:3: 773 daAuts
     D:7: 726 daAuts
     D:5: 707 daAuts
     D:1: 702 daAuts
     D:4: 499 daAuts
   Orc:1: 441 daAuts
   Sewer: 437 daAuts
